 Dungeon Crawl Stone Soup version 0.29.1-15-g9cfb28693d (webtiles) character file.

Game seed: 3956363141120134326

121554 Ceigo the Protected (level 15, -1/135 HPs)
             Began as a Demigod Fighter on Mar 12, 2023.
             Succumbed to an emperor scorpion's poison
             ... on level 1 of the Spider Nest.
             The game lasted 01:07:57 (30402 turns).

Ceigo the Protected (Demigod Fighter)              Turns: 30402, Time: 01:07:58

Health: -1/135     AC: 33    Str: 25    XL:     15   Next: 85%
Magic:  18/18      EV: 10    Int: 25    God:
Gold:   1521       SH:  0    Dex: 16    Spells: 3/14 levels left

rFire   . . .      SeeInvis .   F - +8 quarterstaff of Hatred {flame, rC+ rN+}
rCold   + + .      Faith    .   (shield currently unavailable)
rNeg    + . .      Spirit   .   U - +1 crystal plate armour {rC+}
rPois   +          Reflect  .   T - +0 hat {Int+3}
rElec   .          Harm     .   m - +0 cloak
rCorr   .          Rampage  .   l - +2 pair of gloves {Dex+3}
Will    +....                   A - +2 pair of boots
Stlth   ..........              i - amulet of regeneration
HPRegen 1.12/turn               S - ring of poison resistance
MPRegen 0.16/turn               c - +4 ring of slaying

@: confused, lethally poisoned (-1 -> -77), ambrosia-drunk, studying Dodging
A: high MP 1, forlorn, divine attributes, noise suppression
a: no special abilities


You were on level 1 of the Spider Nest.
You visited 8 branches of the dungeon, and saw 28 of its levels.
You also visited: Ice Cave.

You collected 2827 gold pieces.
You spent 1306 gold pieces at shops.

Inventory:

Hand Weapons
 F - the +8 quarterstaff of Hatred (weapon) {flame, rC+ rN+}
   (You found it on level 7 of the Dungeon)

   It burns those it strikes, dealing additional fire damage.
   rC:        It protects you from cold.
   rN:        It protects you from negative energy.
 O - the +4 dagger "Morg" {pain, Will+ Int+5}
   (You found it on level 10 of the Dungeon)

   In the hands of one skilled in necromantic magic, it inflicts extra damage on
   living creatures.
   Int:       It affects your intelligence (+5).
   Will:      It increases your willpower.
 W - a +1 lajatang of freezing
 X - a +1 broad axe of flaming
Armour
 l - a +2 pair of gloves of dexterity (worn)
 m - a +0 cloak (worn)
 u - the +3 plate armour "Xakhlohoi" {rF+ Will+}
   (You bought it in a shop on level 2 of the Orcish Mines)

   rF:        It protects you from fire.
   Will:      It increases your willpower.
 A - a +2 pair of boots (worn)
 T - a +0 hat of intelligence (worn)
 U - a +1 crystal plate armour of cold resistance (worn)
Jewellery
 b - a ring of resist corrosion
 c - a +4 ring of slaying (right hand)
 d - the ring of Hiast {Drain rF- rC+ Int+6}
   (You found it on level 5 of the Dungeon)

   [ring of protection from cold]

   Int:       It affects your intelligence (+6).
   rF:        It makes you vulnerable to fire.
   rC:        It protects you from cold.
   Drain:     It drains your maximum health when unequipped.
 i - an amulet of regeneration (around neck)
 s - a ring of protection from cold
 x - a +4 ring of evasion
 y - a ring of willpower
 C - a ring of see invisible
 D - a +6 ring of dexterity
 I - a ring of magical power
 J - a +4 ring of protection
 K - a +6 ring of intelligence
 N - a ring of magical power
 R - a ring of flight
 S - a ring of poison resistance (left hand)
Wands
 n - a wand of digging (2)
Scrolls
 f - 5 scrolls of immolation
 g - 3 scrolls of butterflies
 h - 8 scrolls of amnesia
 j - 6 scrolls of magic mapping
 k - 7 scrolls of identify
 p - 5 scrolls of enchant weapon
 q - 3 scrolls of noise
 v - 9 scrolls of teleportation
 B - a scroll of silence
 E - 2 scrolls of enchant armour
 G - 3 scrolls of fear
 M - 4 scrolls of vulnerability
Potions
 e - 4 potions of cancellation
 r - 4 potions of lignification
 w - 2 potions of attraction
 z - 3 potions of brilliance
 L - 2 potions of flight
 V - a potion of magic {unknown}
Miscellaneous
 o - a box of beasts (inert)
 Q - a phantom mirror (inert)


   Skills:
 * Level 13.0 Fighting
 + Level 14.5 Polearms
 * Level 14.9 Armour
 - Level 12.0 Dodging
 - Level 2.7 Shields
 - Level 7.0 Evocations


You had 3 spell levels left.
You knew the following spells:

 Your Spells              Type           Power      Damage    Failure   Level
a - Statue Form           Tmut/Erth      0%         N/A       100%        6
b - Freezing Cloud        Conj/Ice/Air   0%         6-21      100%        5

Your spell library contained the following spells:

 Spells                   Type           Power      Damage    Failure   Level
 Magic Dart               Conj           0%         1d3       98%         1
 Sandblast                Erth           0%         2d4       98%         1
 Call Imp                 Summ           0%         N/A       99%         2
 Passwall                 Tmut/Erth      0%         N/A       99%         2
 Dazzling Flash           Conj/Hex       0%         N/A       100%        3
 Gell's Gravitas          Tloc           0%         N/A       100%        3
 Ignite Poison            Fire/Tmut/Pois 0%         N/A       100%        3
 Mephitic Cloud           Conj/Pois/Air  0%         N/A       100%        3
 Stone Arrow              Conj/Erth      0%         3d7       100%        3
 Teleport Other           Tloc           0%         N/A       100%        3
 Animate Armour           Summ/Erth      0%         N/A       100%        4
 Iskenderun's Mystic Bla  Conj/Tloc      0%         2d3       100%        4
 Petrify                  Tmut/Erth      0%         N/A       100%        4
 Blade Hands              Tmut           0%         N/A       100%        5
 Fireball                 Conj/Fire      0%         3d3       100%        5
 Iskenderun's Battlesphe  Conj           0%         2d6       100%        5
 Metabolic Englaciation   Hex/Ice        0%         N/A       100%        5
 Conjure Ball Lightning   Conj/Air       0%         3x3d6     100%        6
 Dispersal                Tloc           0%         N/A       100%        6
 Iron Shot                Conj/Erth      0%         9d1       100%        6
 Simulacrum               Ice/Necr       0%         N/A       100%        6
 Starburst                Conj/Fire      0%         6d3       100%        6
 Orb of Destruction       Conj           0%         9d5       100%        7
 Polar Vortex             Ice            0%         N/A       100%        9


Dungeon Overview and Level Annotations

Branches:
Dungeon (15/15)            Temple (1/1) D:6            Lair (5/5) D:10
 Shoals (2/4) Lair:2       Spider (1/4) Lair:3        Slime (0/5) Lair:5
    Orc (2/2) D:9             Elf (1/3) Orc:2        Vaults (0/5) D:13
 Depths (1/4) D:15          IceCv (visited)

Shops:
D:5 (   D:9 *((?=   D:15 :   Orc:2 ([*=   Elf:1 [

Portals:
Trove: D:12 (give 7 scrolls of fear)

Annotations:
D:8 Amaemon
D:11 2 transporters, gargbit's ghost, journeyman FoHu
Lair:2 exclusion: downstairs
Shoals:2 Polyphemus


Innate Abilities, Weirdness & Mutations

You have an increased reservoir of magic. (+10% MP)
You shall have no god before yourself.
Your divine heritage dramatically boosts your attributes as you level up.
You passively dampen the noise of your surroundings.


Message History

The emperor scorpion claws you but does no damage. x2
You are too injured to fight recklessly!
Unknown command.
You barely miss the emperor scorpion.
The emperor scorpion is severely wounded.
You feel very sick.
The emperor scorpion stings you but does no damage.
The emperor scorpion claws you.
The emperor scorpion claws you but does no damage.
You are too injured to fight recklessly!
Unknown command.
You barely miss the emperor scorpion.
The emperor scorpion is severely wounded.
You feel very sick. The emperor scorpion stings you.
You are lethally poisoned!
The emperor scorpion poisons you!
The emperor scorpion claws you but does no damage.
The emperor scorpion barely misses you.
You are too injured to fight recklessly!
You completely miss the emperor scorpion.
The emperor scorpion is severely wounded.
* * * LOW HITPOINT WARNING * * *
You feel extremely sick.
The emperor scorpion stings you but does no damage.
The emperor scorpion misses you. x2
Unknown command.
Unknown command.
Unknown command.
You are confused.
You feel invigorated.
* * * LOW HITPOINT WARNING * * *
You feel extremely sick. The emperor scorpion stings you!
* * * LOW HITPOINT WARNING * * *
You are more poisoned.
The emperor scorpion poisons you! The emperor scorpion claws you.
* * * LOW HITPOINT WARNING * * *
The emperor scorpion misses you.
You die...

...##...# ..#
####....#
####..##...####
##).#...........#
#...##...#......#
####...^..#..#..##
###^^##...###..#...#
#...s.....# ...#....
#.....@.#.# ..# ..
##..#...### .##
##.##..# # ####


You could see an emperor scorpion.

Vanquished Creatures
  Gastronok (Lair:1)
  Kirke (D:13)
  An orc warlord (Orc:2)
  A frost giant (IceCv)
  2 ettins
  The ghost of Hadoje the Protected, a journeyman MiBe of Trog (D:14)
  An ice dragon (Lair:5)
  Erolcha (D:10)
  Erica (Lair:2)
  8 hydras
  8 vault guards (D:13)
  2 boulder beetles
  2 catoblepae
  5 centaur warriors
  A death knight (D:13)
  A dancing weapon (Elf:1)
  7 two-headed ogres
  6 death yaks
  2 tengu warriors
  3 orc high priests (Orc:2)
  3 deep elf knights
  Sonja (Lair:4)
  12 skeletal warriors
  A sun moth (Spider:1)
  A steelbarb worm (Lair:3)
  A pharaoh ant (Spider:1)
  2 deep trolls
  4 deep elf archers (Elf:1)
  2 lindwurms (Lair:5)
  2 necromancers (D:15)
  11 deep elf pyromancers
  4 orc knights
  2 deep elf zephyrmancers
  A wolf spider (Spider:1)
  5 orc sorcerers
  14 ugly things
  3 oklob plants (Lair:4)
  6 cyclopes
  5 manticores
  11 elephants
  Joseph (D:7)
  2 black mambas
  Maggie (Lair:1)
  A guardian serpent (shapeshifter) (Elf:1)
  An ice statue (IceCv)
  5 torpor snails (Lair:5)
  A torpor snail (shapeshifter) (D:14)
  2 unseen horrors
  3 gargoyles
  5 cane toads
  2 demonic crawlers (Spider:1)
  Psyche (D:9)
  4 rime drakes
  A freezing wraith (D:13)
  4 komodo dragons
  2 tengu conjurers
  4 yaktaurs
  2 burning bushes (Lair:1)
  2 meliai (D:15)
  A wolf spider simulacrum (D:15)
  6 trolls
  3 tarantellas (Spider:1)
  6 hornets (Lair:5)
  4 blink frogs (Lair:3)
  8 polar bears (IceCv)
  3 tyrant leeches (Lair:5)
  6 slime creatures
  A raiju (shapeshifter) (D:15)
  6 dream sheep (Lair:5)
  2 shadows
  2 jumping spiders (Spider:1)
  A spriggan (D:10)
  2 culicivoras
  3 wraiths
  52 yaks
  2 hogs (D:13)
  2 vampire mosquitoes
  A steam dragon (D:7)
  5 basilisks
  8 redbacks
  6 wargs
  A harpy simulacrum (D:14)
  3 acid dragons
  13 water moccasins
  22 orc warriors
  4 black bears
  4 ogres
  9 centaurs
  21 wolves
  A gnoll sergeant (D:9)
  An earth elemental (Elf:1)
  2 kobold brigands
  14 bullfrogs
  A necrophage (D:6)
  8 scorpions
  9 wights
  15 killer bees
  7 howler monkeys
  2 electric eels
  3 jellies
  3 hounds
  28 orc priests
  A gnoll bouda (D:8)
  Ijyb (D:5)
  6 iguanas
  36 orc wizards
  13 gnolls
  7 adders
  3 white imps
  3 worms
  3 dart slugs (D:1)
  67 orcs
  7 endoplasms
  3 goblins
  4 hobgoblins
  7 jackals
  7 kobolds
  5 quokkas
  5 ball pythons
  6 bats
  A frilled lizard (D:2)
  3 rats
679 creatures vanquished.

Vanquished Creatures (collateral kills)
  Asterion (Spider:1)
  A tengu warrior (D:13)
  A deep elf archer (Elf:1)
  A deep elf zephyrmancer (Elf:1)
  A tengu conjurer (D:13)
  A meliai (D:15)
  4 hogs (D:13)
10 creatures vanquished.

Vanquished Creatures (others)
  A merfolk impaler (Shoals:2)
  A vampire (D:12)
  17 fungi
  52 plants
71 creatures vanquished.

Grand Total: 760 creatures vanquished

Notes
Turn   | Place    | Note
-------+----------+-------------------------------------------
     0 | D:1      | Ceigo the Demigod Fighter began the quest for the Orb.
     0 | D:1      | Reached XP level 1. HP: 18/18 MP: 3/3
   202 | D:1      | Reached XP level 2. HP: 25/25 MP: 4/4
   727 | D:2      | Reached XP level 3. HP: 26/31 MP: 5/5
  1773 | D:3      | Reached XP level 4. HP: 29/38 MP: 6/6
  2771 | D:4      | Noticed an ogre
  2781 | D:4      | Killed an ogre
  2782 | D:4      | Reached XP level 5. HP: 40/46 MP: 7/7
  3215 | D:4      | Reached skill level 5 in Polearms
  3215 | D:4      | Reached XP level 6. HP: 47/52 MP: 8/8
  3732 | D:5      | Entered Level 5 of the Dungeon
  4131 | D:5      | Reached XP level 7. HP: 60/60 MP: 9/9
  4154 | D:5      | Noticed Ijyb
  4180 | D:5      | Killed Ijyb
  4257 | D:5      | Reached skill level 5 in Fighting
  4316 | D:5      | Noticed a troll
  4323 | D:5      | Killed a troll
  4340 | D:5      | Reached XP level 8. HP: 42/70 MP: 10/10
  4443 | D:5      | Found Exzo's Weapon Boutique.
  4454 | D:5      | Identified the ring of Hiast {Drain rF- rC+ Int+6}
  5042 | D:6      | Found a staircase to the Ecumenical Temple.
  5089 | Temple   | Entered the Ecumenical Temple
  5928 | D:7      | Noticed Joseph
  5947 | D:7      | Killed Joseph
  5948 | D:7      | Reached XP level 9. HP: 28/79 MP: 11/11
  6242 | D:7      | Reached skill level 10 in Polearms
  6265 | D:7      | Identified the +8 quarterstaff of Hatred {flame, rC+ rN+}
  6661 | D:8      | Noticed an orange demon
  6661 | D:8      | Noticed a boulder beetle
  6662 | D:8      | Noticed Amaemon
  6966 | D:8      | Noticed a two-headed ogre
  6986 | D:8      | Killed a two-headed ogre
  7270 | D:8      | Killed a boulder beetle
  7271 | D:8      | Reached XP level 10. HP: 42/90 MP: 13/13
  7482 | D:9      | Found Qoosm's Antique Weapon Emporium.
  7741 | D:9      | Found Bykhagg's Jewellery Emporium.
  7754 | D:9      | Found a staircase to the Orcish Mines.
  7760 | D:9      | Reached skill level 1 in Evocations
  7768 | D:9      | Found Umoesk's Magic Scroll Shoppe.
  7779 | D:9      | Bought a scroll of teleportation for 45 gold pieces
  7779 | D:9      | Bought a scroll of fear for 60 gold pieces
  7943 | D:9      | Found Eduav's Assorted Antiques.
  7945 | D:9      | Noticed a two-headed ogre
  7953 | D:9      | Killed a two-headed ogre
  8013 | D:9      | Bought a pair of runed gloves for 217 gold pieces
  8073 | D:9      | Found Nafirin's Antique Weapon Boutique.
  8222 | D:9      | Noticed Psyche
  8236 | D:9      | Killed Psyche
  8343 | D:9      | Noticed a manticore
  8351 | D:9      | Killed a manticore
  8792 | D:10     | Entered Level 10 of the Dungeon
  8884 | Orc:1    | Entered Level 1 of the Orcish Mines
  8999 | D:10     | Found the +4 dagger "Morg" {pain, Will+ Int+5}
  9159 | D:10     | Found a staircase to the Lair.
  9195 | D:10     | Noticed Erolcha
  9252 | D:10     | Killed Erolcha
  9253 | D:10     | Reached skill level 5 in Armour
  9253 | D:10     | Reached XP level 11. HP: 97/97 MP: 14/14
  9342 | D:10     | Noticed a two-headed ogre
  9777 | D:10     | Noticed a two-headed ogre
  9785 | D:10     | Killed a two-headed ogre
  9786 | D:10     | Reached skill level 10 in Fighting
 10319 | Lair:1   | Entered Level 1 of the Lair of Beasts
 10390 | Lair:1   | Reached skill level 1 in Dodging
 10717 | Lair:1   | Noticed an eight-headed hydra
 10718 | Lair:1   | Noticed Gastronok
 10752 | Lair:1   | Killed an eight-headed hydra
 10830 | Lair:1   | Noticed Maggie
 10844 | Lair:1   | Killed Maggie
 11273 | Lair:2   | Noticed Erica
 11285 | Lair:2   | Killed Erica
 11812 | Lair:2   | Found a staircase to the Shoals.
 12350 | Lair:3   | Noticed a six-headed hydra
 12418 | Lair:3   | Found a hole to the Spider Nest.
 12547 | Lair:3   | Noticed an ettin
 12547 | Lair:3   | a six-headed hydra changed into an ettin
 12914 | D:11     | Noticed a two-headed ogre
 12926 | D:11     | Killed a two-headed ogre
 12927 | D:11     | Reached XP level 12. HP: 101/110 MP: 15/15
 12964 | D:11     | Noticed a five-headed hydra
 13207 | Orc:2    | Entered Level 2 of the Orcish Mines
 13207 | Orc:2    | Found a staircase to the Elven Halls.
 13239 | Orc:2    | Noticed a two-headed ogre
 13250 | Orc:2    | Killed a two-headed ogre
 14217 | Orc:1    | Paralysed by an orc sorcerer for 5 turns
 14623 | Orc:1    | Reached skill level 5 in Dodging
 15028 | Orc:2    | Gained mutation: You passively dampen the noise of your
                  | surroundings. [a neqoxec]
 15093 | Orc:2    | Noticed an orc warlord
 15136 | Orc:2    | Killed an orc warlord
 15455 | Orc:2    | Found Ruat's Antique Armour Shoppe.
 15456 | Orc:2    | Found Tual's Antique Weapon Emporium.
 15457 | Orc:2    | Found Cenigu's General Store.
 15457 | Orc:2    | Found Icoboh's Jewellery Shoppe.
 15545 | Orc:2    | Bought a scroll of identify for 32 gold pieces
 15553 | Orc:2    | Bought an encrusted plate armour for 952 gold pieces
 15553 | Orc:2    | Identified the +3 plate armour "Xakhlohoi" {rF+ Will+} (You
                  | bought it in a shop on level 2 of the Orcish Mines)
 15882 | D:11     | Killed a five-headed hydra
 15971 | D:11     | Found a transporter.
 15975 | D:11     | Found a transporter.
 15995 | D:11     | Noticed gargbit's ghost (journeyman FoHu)
 16053 | D:11     | Noticed a two-headed ogre
 16061 | D:11     | Killed a two-headed ogre
 16369 | D:12     | Reached XP level 13. HP: 118/118 MP: 16/16
 16726 | D:12     | Found a portal to a secret trove of treasure.
 17216 | Lair:1   | Learned a level 6 spell: Statue Form
 18110 | Lair:4   | Reached skill level 10 in Armour
 19179 | Lair:4   | Noticed Sonja
 19194 | Lair:4   | Killed Sonja
 19681 | Lair:5   | Entered Level 5 of the Lair of Beasts
 20008 | Lair:5   | Found a staircase to the Slime Pits.
 20239 | Lair:5   | Found a runed translucent door.
 20483 | Lair:5   | Paralysed by a hornet for 3 turns
 21380 | Lair:1   | Reached XP level 14. HP: 126/126 MP: 17/17
 21670 | Lair:1   | Killed Gastronok
 22064 | D:13     | Found a frozen archway.
 22076 | IceCv    | Entered an ice cave
 22305 | IceCv    | Reached skill level 10 in Dodging
 22538 | IceCv    | Noticed a frost giant
 22554 | IceCv    | Killed a frost giant
 22675 | IceCv    | Found the +4 skin of Zhor {*Englaciate rC+++ SInv}
 23022 | D:13     | Found a gate to the Vaults.
 23312 | D:13     | Noticed Kirke
 23329 | D:13     | Killed Kirke
 24981 | D:14     | Reached skill level 5 in Evocations
 25020 | D:14     | Found a runed translucent gate.
 25020 | D:14     | Found a runed translucent gate.
 25021 | D:14     | Found a runed translucent gate.
 25024 | D:14     | Noticed Hadoje's ghost (journeyman MiBe)
 25058 | D:14     | Killed Hadoje's ghost
 25134 | D:14     | Reached XP level 15. HP: 83/132 MP: 18/18
 26061 | D:15     | Entered Level 15 of the Dungeon
 26061 | D:15     | Found Omoiby's Book Emporium.
 26493 | D:15     | Found a staircase to the Depths.
 26834 | Spider:1 | Entered Level 1 of the Spider Nest
 27376 | Spider:1 | Noticed Asterion
 27385 | Spider:1 | Noticed an Executioner
 27521 | Elf:1    | Entered Level 1 of the Elven Halls
 27775 | Elf:1    | Found Moerghan's Armour Shop.
 28685 | Shoals:1 | Entered Level 1 of the Shoals
 28705 | Shoals:1 | Learned a level 5 spell: Freezing Cloud
 28710 | Shoals:2 | Noticed Polyphemus
 28739 | Shoals:2 | HP: 4/134 [Polyphemus (27)]
 29937 | Depths:1 | Entered Level 1 of the Depths
 30108 | Spider:1 | Killed Asterion
 30402 | Spider:1 | Succumbed to an emperor scorpion's poison

Illustrated notes

Levels and vault maps discovered:
D:1:      minmay_arrival_open_corners, layout_loops_cross
D:2:      layout_basic, hellmonk_ecumenical_altar_run_dry
D:3:      layout_basic
D:4:      layout_basic, pdpol_wu_jian_five_deadly_venoms,
          small_statue_intersection, hangedman_decor_peaks_small
D:5:      cheibrodos_barr_body, layout_basic, minitemple, serial_shops, shop,
          uniq_ijyb
D:6:      layout_basic, minmay_temple_entry_glassed_door, serial_bayou_pond_c,
          minivault_5
D:7:      layout_basic, kennysheep_mini_moat, mainiacjoe_overflow_tiny_flanked,
          uniq_joseph
D:8:      layout_rooms, mainiacjoe_overflow_24_doors,
          cheibrodos_ashenzari_chains, trog_ov_bears_minmay,
          minmay_misc_feat_diagonals, grunt_ministairs_9, minmay_microvault,
          uniq_amaemon
D:9:      minmay_bubble_buster, layout_irregular_city, serial_shops, shop,
          nicolae_shop_stone, nicolae_shop_window_shopping, shop, shop_statue,
          chequers_serial_rivers_small_b, uniq_psyche
D:10:     layout_layer_cave, minmay_lair_entry_grove, uniq_erolcha
D:11:     layout_basic, gammafunk_ghost_hive
D:12:     layout_loops_ring, enter_trove_2, fedhas_altar_2
D:13:     layout_cave_pods, erik_vaults_2, portal_ice_cave_entry_pillars_1,
          serial_column_ruins, column_ruins_circle_medium,
          column_ruins_open_tiny, column_ruins_open_medium,
          column_ruins_open_tiny, uniq_kirke
D:14:     layout_cave_pools, chequers_serial_rivers_large_b,
          ebering_ghost_rock_garden
D:15:     hangedman_depths_entry_civil_slaughter, layout_cave_pools,
          serial_shops, nicolae_shop_stone,
          nicolae_gozag_cash_rules_everything_around_me, serial_bayou_pond_e,
          minivault_11
Temple:   hellmonk_temple_forest_ring
Lair:1:   layout_regular_city, basic_altar, evilmike_ambush
          [evilmike_ambush_outer_basic, evilmike_ambush_inner_wall_2],
          uniq_maggie, uniq_gastronok
Lair:2:   layout_cave_pods, elwin_shoals_entry_rocks, serial_bayou_pond_d,
          uniq_erica
Lair:3:   layout_regular_city, nicolae_spider_entry_tight_spaces
Lair:4:   minmay_lair_oklob_chamber, layout_gridlike,
          chequers_serial_rivers_small_3, uniq_sonja
Lair:5:   wormcave, layout_cave_pods, slime_entry_1
Shoals:1: layout_shoals
Shoals:2: layout_shoals, uniq_polyphemus
Spider:1: layout_spider_delve, uniq_asterion
Orc:1:    layout_caves
Orc:2:    st_orc_congregation, layout_caves, nicolae_orc_flooded_monolith
Elf:1:    nicolae_elf_arrival_fired_up, layout_geoelf_octagon, serial_shops,
          shop, minmay_elf_demonology
Depths:1: layout_cave_pools, enter_ziggurat_a, lightli_too_deep, serial_shops,
          shop, shop, nicolae_shop_bloodbath_and_beyond,
          nicolae_take_the_stairs, shop, tgw_lugonu_bribe, uniq_aizul

Skill      XL: |  1  2  3  4  5  6  7  8  9 10 11 12 13 14 15 |
---------------+----------------------------------------------+-----
Polearms       | 2 3 4 5 6 7 9 11 12 13 14 | 14.5
Fighting       | 3 4 5 7 8 9 11 12 13 | 13.0
Armour         | 5 7 9 10 13 14 | 14.9
Evocations     | 3 4 5 7 |  7.0
Dodging        | 3 6 9 11 12 | 12.0
Shields        | |  2.7

Action                   |  1- 3 |  4- 6 |  7- 9 | 10-12 | 13-15 || total
-------------------------+-------+-------+-------+-------+-------++-------
Melee: Trident           |   108 |   133 |       |       |       ||   241
       Spear             |       |    54 |   278 |       |       ||   332
       Quarterstaff      |       |       |    64 |   800 |  1346 ||  2210
       Lajatang          |       |       |       |       |   199 ||   199
Evoke: Wand              |       |       |    10 |    64 |    26 ||   100
       Box of beasts     |       |       |       |       |     5 ||     5
       Phantom mirror    |       |       |       |       |     3 ||     3
  Use: Potion            |       |     1 |     4 |    10 |    15 ||    30
       Scroll            |       |       |     6 |     6 |    21 ||    33
 Stab: Invisible         |       |       |       |     5 |     4 ||     9
       Petrified         |       |       |       |       |     6 ||     6
Armor: Scale mail        |    52 |    55 |    27 |       |       ||   134
       Plate armour      |       |       |   110 |   442 |   597 ||  1149
       Skin              |       |       |       |    10 |       ||    10
       Crystal plate arm |       |       |       |       |   693 ||   693
Dodge: Dodged            |    43 |    62 |    90 |   414 |   750 ||  1359
Block: Buckler           |    23 |    26 |    22 |       |       ||    71
